 Dungeon Crawl Stone Soup version 0.24-a0-408-gcc1054c7ca (webtiles) character file.

Game seed: 12182244341136966124

551438 deusexinfernus the Invulnerable (level 25, -5/385 HPs)
             Began as a Hill Orc Berserker on June 4, 2019.
             Was the Champion of Trog.
             Slain by Zarkath's ghost (7 damage)
             ... on level 1 of the Depths on June 5, 2019.
             The game lasted 05:03:03 (65248 turns).

deusexinfernus the Invulnerable (HOBe)             Turns: 65248, Time: 05:03:04

Health: -5/385     AC: 32    Str: 27    XL:     25   Next: 68%
Magic:  26/26      EV:  2    Int: 12    God:    Trog [******]
Gold:   1947       SH: 18    Dex: 24    Spells: 24/24 levels left

rFire    + . .     SeeInvis .   a - +1 broad axe "Xoajo Vong" {vamp, rC+ Int+5}
rCold    + + .     Gourm    .   s - +2 shield {reflect}
rNeg     + + +     Faith    +   (armour currently unavailable)
rPois    +         Spirit   .   (helmet currently unavailable)
rElec    .         Reflect  +   (cloak currently unavailable)
rCorr    .         Harm     .   (gloves currently unavailable)
MR       ++++.     NoTele   +   (boots currently unavailable)
Stlth    +++.......             n - amulet "Qaem" {Faith rPois rN++ MR+ Int-2}
HPRegen  0.74/turn              V - ring "Opto" {rF+ rC+ rN+ Int+7}
MPRegen  0.20/turn              K - ring of Joy {rPois rN++ MR+ Int-5 Dex+4}

@: agile, tree-form, berserk cooldown, slowed, very slow
A: magic resistance 1
}: 4/15 runes: decaying, slimy, silver, gossamer
a: Berserk, Trog's Hand, Brothers in Arms, Renounce Religion


You were on level 1 of the Depths.
You worshipped Trog.
Trog was exalted by your worship.
You were near starving.
You were a tree.
You visited 9 branches of the dungeon, and saw 45 of its levels.
You also visited: Sewer, Ice Cave and Wizlab.

You collected 5188 gold pieces.
You spent 3241 gold pieces at shops.

Inventory:

Hand Weapons
 a - the +1 broad axe "Xoajo Vong" (weapon) {vamp, rC+ Int+5}
   (Trog gifted it to you on level 6 of the Lair of Beasts)

   It inflicts no extra harm, but heals its wielder when it wounds a living foe.
   It affects your intelligence (+5).
   It protects you from cold.
 b - a +6 broad axe of chopping
   (Trog gifted it to you on level 5 of the Vaults)
 w - a +0 broad axe of flaming
   (You took it off a wight on level 9 of the Dungeon)
Armour
 f - +0 gold dragon scales (melded)
   (You bought it in a shop on level 1 of the Orcish Mines)
 g - a +1 cloak of magic resistance (melded)
   (You bought it in a shop on level 2 of the Elven Halls)
 s - a +2 shield of reflection (worn)
   (You found it on level 15 of the Dungeon)
 G - a +1 pair of boots (melded)
   (You found it on level 4 of the Dungeon)
 H - the +3 buckler of the Spider Nest {rElec rN++ Int+4}
   (You found it on level 9 of the Dungeon)

   It affects your intelligence (+4).
   It insulates you from electricity.
   It greatly protects you from negative energy.
 W - a +1 pair of gloves of strength (melded)
   (You found it on level 5 of the Pits of Slime)
Jewellery
 n - the amulet "Qaem" (around neck) {Faith rPois rN++ MR+ Int-2}
   (You took it off a deep elf demonologist on level 3 of the Elven Halls)

   [amulet of faith]

   It allows you to gain divine favour quickly.
   It affects your intelligence (-2).
   It protects you from poison.
   It greatly protects you from negative energy.
   It affects your resistance to hostile enchantments.
 z - an uncursed ring of see invisible
   (You found it on level 4 of the Dungeon)
 K - the ring of Joy (right branch) {rPois rN++ MR+ Int-5 Dex+4}
   (You bought it in a shop on level 2 of the Orcish Mines)

   [ring of protection from magic]

   It affects your intelligence (-5).
   It affects your dexterity (+4).
   It protects you from poison.
   It greatly protects you from negative energy.
   It affects your resistance to hostile enchantments.
 V - the ring "Opto" (left branch) {rF+ rC+ rN+ Int+7}
   (You found it on level 5 of the Pits of Slime)

   [ring of positive energy]

   It affects your intelligence (+7).
   It protects you from fire.
   It protects you from cold.
   It protects you from negative energy.
Wands
 d - a wand of iceblast (21)
   (You found it on level 7 of the Dungeon)
 t - a wand of flame (21)
   (You found it on level 5 of the Vaults)
 u - a wand of paralysis (7)
   (You found it on level 15 of the Dungeon)
 v - a wand of digging (8)
   (You found it on level 10 of the Dungeon)
 x - a wand of acid (28)
   (You found it on level 2 of the Spider Nest)
Scrolls
 i - 6 scrolls of identify {@r1}
 o - 9 scrolls of magic mapping
 p - 20 scrolls of teleportation {@r4}
 D - 9 scrolls of fear
 F - 4 scrolls of fog
 L - 5 scrolls of vulnerability {!r}
 M - 21 scrolls of remove curse {@r2}
 P - 5 scrolls of blinking
Potions
 h - 13 potions of curing {@q1}
 k - 11 potions of flight
 q - 3 potions of heal wounds {@q2}
 r - 5 potions of ambrosia
 C - 3 potions of invisibility
 E - 2 potions of might
 N - 3 potions of haste {@q3}
 O - 3 potions of resistance
 T - 3 potions of cancellation
 X - 7 potions of lignification {!q}
Miscellaneous
 A - a lightning rod (4/4) {!a}
   (You found it in an ice cave)
 I - 3 sacks of spiders
 Q - a lamp of fire
   (You found it in an ice cave)
 U - a phantom mirror
 Z - a fan of gales
   (You found it on level 4 of the Lair of Beasts)
Comestibles
 c - 6 chunks of flesh
 e - 47 rations


   Skills:
 O Level 27 Fighting
 + Level 24.2(24.5) Axes
   Level 6.7(15.6) Maces & Flails
 O Level 27 Armour
 - Level 5.0 Dodging
 - Level 15.0 Shields
 - Level 5.0 Evocations


You had 24 spell levels left.
You didn't know any spells.
Your spell library contained the following spells:

 Spells                   Type           Power        Failure   Level  Hunger
 Animate Skeleton         Necr           N/A          32%         1    ##.....
 Apportation              Tloc           #.....       32%         1    ##.....
 Flame Tongue             Conj/Fire      #....        32%         1    ##.....
 Freeze                   Ice            #...         32%         1    ##.....
 Infusion                 Chrm           #...         32%         1    ##.....
 Magic Dart               Conj           #...         32%         1    ##.....
 Pain                     Necr           #...         32%         1    ##.....
 Sandblast                Erth           #.....       32%         1    ##.....
 Shock                    Conj/Air       #...         32%         1    ##.....
 Sting                    Conj/Pois      #...         32%         1    ##.....
 Summon Butterflies       Summ           #.......     32%         1    ##.....
 Summon Small Mammal      Summ           #...         32%         1    ##.....
 Blink                    Tloc           N/A          45%         2    ###....
 Call Imp                 Summ           #.......     45%         2    ###....
 Corpse Rot               Necr           N/A          45%         2    ###....
 Passwall                 Tmut/Erth      #.......     45%         2    ###....
 Poisonous Vapours        Pois/Air       #.....       45%         2    ###....
 Searing Ray              Conj           #.....       45%         2    ###....
 Slow                     Hex            #.......     45%         2    ###....
 Sticks to Snakes         Tmut           #.......     45%         2    ###....
 Sublimation of Blood     Necr           #.........   45%         2    ###....
 Swiftness                Chrm/Air       #.......     45%         2    ###....
 Throw Flame              Conj/Fire      #.....       45%         2    ###....
 Throw Frost              Conj/Ice       #.....       45%         2    ###....
 Call Canine Familiar     Summ           #.......     69%         3    ####...
 Conjure Flame            Conj/Fire      #.......     69%         3    ####...
 Dazzling Spray           Conj/Hex       #.....       69%         3    ####...
 Gell's Gravitas          Tloc           #.........   69%         3    ####...
 Ignite Poison            Fire/Tmut/Pois #.......     69%         3    ####...
 Inner Flame              Hex/Fire       #.......     69%         3    ####...
 Lesser Beckoning         Tloc           #.........   69%         3    ####...
 Mephitic Cloud           Conj/Pois/Air  #.......     69%         3    ####...
 Ozocubu's Armour         Chrm/Ice       #.......     69%         3    ####...
 Portal Projectile        Hex/Tloc       #.....       69%         3    ####...
 Recall                   Summ/Tloc      N/A          69%         3    ####...
 Regeneration             Chrm/Necr      #.........   69%         3    ####...
 Spider Form              Tmut/Pois      #.........   69%         3    ####...
 Static Discharge         Conj/Air       #.......     69%         3    ####...
 Stone Arrow              Conj/Erth      #.....       69%         3    ####...
 Summon Guardian Golem    Hex/Summ       #.......     69%         3    ####...
 Tukima's Dance           Hex            #.......     69%         3    ####...
 Vampiric Draining        Necr           #.........   69%         3    ####...
 Airstrike                Air            #.........   97%         4    #####..
 Animate Dead             Necr           N/A          97%         4    #####..
 Cause Fear               Hex            #.........   97%         4    #####..
 Force Lance              Conj/Tloc      #.......     97%         4    #####..
 Fulminant Prism          Conj/Hex       #.........   97%         4    #####..
 Ice Form                 Ice/Tmut       #.......     97%         4    #####..
 Iskenderun's Mystic Bla  Conj           #.......     97%         4    #####..
 Leda's Liquefaction      Hex/Erth       #.........   97%         4    #####..
 Olgreb's Toxic Radiance  Pois           #.......     97%         4    #####..
 Petrify                  Tmut/Erth      #.......     97%         4    #####..
 Sticky Flame             Conj/Fire      #.......     97%         4    #####..
 Summon Ice Beast         Ice/Summ       #.......     97%         4    #####..
 Summon Lightning Spire   Summ/Air       #.......     97%         4    #####..
 Throw Icicle             Conj/Ice       #.......     97%         4    #####..
 Agony                    Necr           #.......     100%        5    ######.
 Alistair's Intoxication  Tmut/Pois      #.......     100%        5    ######.
 Aura of Abjuration       Summ           #.........   100%        5    ######.
 Blade Hands              Tmut           #.........   100%        5    ######.
 Bolt of Draining         Conj/Necr      #.........   100%        5    ######.
 Bolt of Magma            Conj/Fire/Erth #.........   100%        5    ######.
 Borgnjor's Vile Clutch   Necr/Erth      #.........   100%        5    ######.
 Dispel Undead            Necr           #.......     100%        5    ######.
 Excruciating Wounds      Chrm/Necr      #.........   100%        5    ######.
 Fireball                 Conj/Fire      #.........   100%        5    ######.
 Irradiate                Conj/Tmut      #.........   100%        5    ######.
 Lee's Rapid Deconstruct  Erth           #.........   100%        5    ######.
 Lightning Bolt           Conj/Air       #.........   100%        5    ######.
 Metabolic Englaciation   Hex/Ice        #.........   100%        5    ######.
 Silence                  Hex/Air        #.........   100%        5    ######.
 Summon Demon             Summ           #.........   100%        5    ######.
 Summon Forest            Summ/Tloc      #.........   100%        5    ######.
 Summon Mana Viper        Hex/Summ       #.......     100%        5    ######.
 Venom Bolt               Conj/Pois      #.........   100%        5    ######.
 Yara's Violent Unravell  Hex/Tmut       #.........   100%        5    ######.
 Bolt of Cold             Conj/Ice       #.........   100%        6    #######
 Bolt of Fire             Conj/Fire      #.........   100%        6    #######
 Darkness                 Hex            #.........   100%        6    #######
 Death Channel            Necr           #.........   100%        6    #######
 Deflect Missiles         Chrm/Air       #.........   100%        6    #######
 Dispersal                Tloc           #.........   100%        6    #######
 Freezing Cloud           Conj/Ice/Air   #.........   100%        6    #######
 Hydra Form               Tmut           #.........   100%        6    #######
 Invisibility             Hex            #.......     100%        6    #######
 Iron Shot                Conj/Erth      #.........   100%        6    #######
 Ozocubu's Refrigeration  Ice            #.........   100%        6    #######
 Shadow Creatures         Summ           N/A          100%        6    #######
 Simulacrum               Ice/Necr       #.........   100%        6    #######
 Statue Form              Tmut/Erth      #........    100%        6    #######
 Dragon Form              Tmut           #.........   100%        7    #######
 Controlled Blink         Tloc           N/A          100%        8    #######
 Discord                  Hex            #.........   100%        8    #######
 Disjunction              Tloc           #.........   100%        8    #######
 Dragon's Call            Summ           #.........   100%        9    #######
 Shatter                  Erth           #.........   100%        9    #######


Dungeon Overview and Level Annotations

Branches:
Dungeon (15/15)            Temple (0/1) D:6            Lair (6/6) D:10
  Swamp (4/4) Lair:4       Spider (4/4) Lair:3        Slime (5/5) Lair:6
    Orc (2/2) D:9             Elf (3/3) Orc:2        Vaults (5/5) D:14
  Crypt (0/3) Vaults:3     Depths (1/5) D:15

Altars:
Elyvilon
Fedhas
Hepliaklqana
Kikubaaqudgha
Okawaru
Qazlal
Ru
Uskayaw
Yredelemnul
Zin
Jiyva

Shops:
D:4 *   D:7 (   D:9 *   Orc:1 [   Orc:2 [=**   Elf:1 (   Elf:2 ?[:=
Vaults:2 !   Vaults:5 !??!???%

Portals:
Hell: Depths:1
Pandemonium: Depths:1

Annotations:
D:12 3 runed translucent doors, D1HalberdGnoll's ghost, journeyman DrIE; Oqaecose's ghost, journeyman DDAr; Peloso's ghost, journeyman MiFi; Rick's ghost, journeyman MiBe
Depths:1 Zarkath's ghost, adept CeAM


Innate Abilities, Weirdness & Mutations

((You have a pair of small antennae on your head.))
((You have razor-sharp toenails.))
((You are partially covered in yellow scales. (AC +2)))
You are resistant to hostile enchantments. (MR+)


Message History

You block Zarkath's ghost's attack. Zarkath's ghost hits you!!
* * * LOW HITPOINT WARNING * * *
* * * LOW HITPOINT WARNING * * *
You block the purple very ugly thing's attack.
You hit the rakshasa but do no damage. You barely miss Zarkath's ghost.
You hit Zarkath's ghost but do no damage.
You hit the purple very ugly thing.
The rakshasa weaves an illusion.
The ettin shimmers and seems to become two!
Zarkath's ghost hits you!!
* * * LOW HITPOINT WARNING * * *
* * * LOW HITPOINT WARNING * * *
You block Zarkath's ghost's attack.
The purple very ugly thing tentacle-slaps you but does no damage.
You slash the rakshasa!
You barely miss the purple very ugly thing.
You hit Zarkath's ghost but do no damage.
You barely miss Zarkath's ghost.
You are near starving!
You block the rakshasa's attack. Zarkath's ghost hits you!!
* * * LOW HITPOINT WARNING * * *
* * * LOW HITPOINT WARNING * * *
Zarkath's ghost hits you!!
* * * LOW HITPOINT WARNING * * *
* * * LOW HITPOINT WARNING * * *
You block the purple very ugly thing's attack.
Okay, then.
You feel much better. You block the rakshasa's attack.
Zarkath's ghost whispers, "The ORB doesn't exist."
Zarkath's ghost hits you.
* * * LOW HITPOINT WARNING * * *
* * * LOW HITPOINT WARNING * * *
Zarkath's ghost hits you.
* * * LOW HITPOINT WARNING * * *
* * * LOW HITPOINT WARNING * * *
The purple very ugly thing tentacle-slaps you but does no damage.
You block the rakshasa's attack.
Eat one of 6 chunks of flesh? (ye/n/q)
Okay, then.
You cannot blink because you are held in place by your roots.
You completely miss the rakshasa. You completely miss Zarkath's ghost.
You hit Zarkath's ghost. You slash the purple very ugly thing!
Zarkath's ghost hits you but does no damage.
Zarkath's ghost hits you!!
* * * LOW HITPOINT WARNING * * *
* * * LOW HITPOINT WARNING * * *
You block the purple very ugly thing's attack.
Zarkath's ghost hits you!!
* * * LOW HITPOINT WARNING * * *
You die...

.....#...............#.....#.....
.....#...............#.....#..[..
.....#........>......#.....##....
.....#........{......#.....##....
.....#...............#.....∩.....
#######........{.C..##.....##....
.....##...####.##cC.#####'###....
.....##...#######uC.##.....##....
.....#..........♣WC.#......##....
.....'.........RCW..#............
.....#..............#............
.....#..............#............
.....#.............(#.....(......
.....#..........[..('.....(##+###
.....##..........<..#(.....##....
.....##..)..##########..)........
.....##.....##......##(.((.(.....


You could see a purple very ugly thing, a stone giant, 4 ettins, a rakshasa, a
yaktaur and 2 Zarkath's ghosts.

Vanquished Creatures
  the Royal Jelly (Slime:5)
  A golden dragon (Vaults:5)
  Nikola (Swamp:1)
  Jory (Vaults:5)
  A tentacled monstrosity (Vaults:5)
  A lich (Vaults:3)
  A titan (Vaults:5)
  Rupert (D:14)
  A quicksilver dragon (Vaults:5)
  Asterion (Spider:1)
  2 deep elf master archers (Elf:3)
  2 deep elf blademasters (Elf:3)
  21 acid blobs
  Frances (Elf:1)
  2 sphinxes
  3 tengu reavers
  Agnes (Spider:2)
  3 storm dragons (Vaults:5)
  7 azure jellies
  Kirke (Elf:1)
  A shadow dragon (Vaults:5)
  Aizul (Swamp:1)
  Roxanne (Swamp:2)
  9 fire giants
  5 deep elf sorcerers
  2 iron dragons (Vaults:5)
  Louise (Spider:1)
  3 frost giants
  4 ghost moths
  7 emperor scorpions
  20 vault wardens
  15 ironheart preservers
  2 deep elf elementalists (Elf:3)
  11 very ugly things
  The ghost of teofil the Severer, a journeyman MiBe of Trog (Lair:5)
  3 entropy weavers
  13 stone giants
  3 war gargoyles (Vaults:5)
  9 deep elf demonologists (Elf:3)
  11 deep elf annihilators
  2 dire elephants (Lair:6)
  5 spark wasps
  Azrael (D:13)
  An orange crystal statue (WizLab)
  A large abomination (Elf:3)
  Snorg (Lair:5)
  6 deep elf death magi
  9 death oozes (Slime:5)
  3 fire dragons
  Josephine (D:11)
  10 ettins
  11 yaktaur captains
  6 ice dragons
  A rakshasa (D:15)
  Fannar (D:10)
  11 great orbs of eyes
  5 deep elf high priests
  2 catoblepae
  25 hydras
  4 shambling mangroves
  40 vault guards
  An anaconda (Lair:6)
  5 death knights
  27 two-headed ogres
  7 centaur warriors
  A death yak (IceCv)
  A two-headed ogre (shapeshifter) (Depths:1)
  21 dancing weapons
  14 ogre magi
  A deep troll shaman (Vaults:2)
  9 alligators
  A tengu warrior (D:15)
  3 orc high priests (Orc:2)
  Sonja (Lair:3)
  19 deep elf knights
  4 hell knights (Depths:1)
  2 shadow wraiths
  An iron troll (D:14)
  A death drake (shapeshifter) (Vaults:4)
  6 flayed ghosts
  4 spriggan druids
  6 wizards
  7 deep trolls
  5 necromancers
  An unseen horror (D:13)
  A sphinx zombie (Depths:1)
  2 glowing orange brains
  19 ironbrand convokers
  7 swamp dragons
  17 deep elf archers
  A harpy (shapeshifter) (Vaults:2)
  12 harpies
  A lindwurm (shapeshifter) (D:15)
  19 orc knights
  5 phantasmal warriors
  3 oklob plants
  Pikel (D:6)
  30 wolf spiders
  23 orb spiders
  70 deep elf magi
  3 cyclopes (Vaults:2)
  5 manticores
  35 ugly things
  A moth of wrath (Spider:1)
  6 orc sorcerers
  4 shining eyes
  A moth of wrath (shapeshifter) (Vaults:5)
  A salamander (shapeshifter) (Vaults:4)
  A manticore (shapeshifter) (Vaults:3)
  A stone giant skeleton (Vaults:5)
  A human skeleton (Vaults:5)
  2 black mambas (Lair:6)
  A spriggan zombie (Depths:1)
  8 elephants (Lair:6)
  An ice statue (IceCv)
  14 vault sentinels
  An eye of devastation (Slime:5)
  A gargoyle (D:11)
  Joseph (Lair:1)
  A human zombie (Vaults:5)
  7 spiny frogs
  6 komodo dragons
  A yaktaur (shapeshifter) (Depths:1)
  A kobold demonologist (D:13)
  35 yaktaurs
  A rime drake (shapeshifter) (D:12)
  9 freezing wraiths
  17 demonic crawlers
  10 rime drakes
  An elf skeleton (Depths:1)
  32 jumping spiders
  3 tengu conjurers
  13 tyrant leeches
  A wind drake (shapeshifter) (D:14)
  23 hornets
  12 polar bears
  15 trolls
  A troll (shapeshifter) (Vaults:2)
  A jumping spider (shapeshifter) (Vaults:5)
  4 blink frogs (Lair:6)
  2 bog bodies
  8 hippogriffs
  Grinder (D:3)
  145 slime creatures
  10 dream sheep
  A frost giant simulacrum (Vaults:5)
  2 air elementals
  A raiju (shapeshifter) (Depths:1)
  A centaur simulacrum (D:15)
  72 redbacks
  A spriggan (shapeshifter) (Vaults:1)
  A shadow (Swamp:1)
  2 water elementals (Elf:2)
  11 spriggans
  28 tarantellas
  2 vampires
  A tarantella (shapeshifter) (D:15)
  A fire bat (shapeshifter) (Vaults:1)
  5 wyverns
  A hungry ghost (D:14)
  6 basilisks
  9 vampire mosquitoes
  7 wraiths
  85 yaks
  3 fire elementals
  4 hogs (Elf:1)
  2 golden eyes (Slime:5)
  A human (Elf:1)
  A steam dragon (D:8)
  Edmund (D:6)
  3 wargs
  2 soldier ants
  5 acid dragons
  30 insubstantial wisps
  15 swamp worms
  5 hell hounds (D:13)
  A tengu skeleton (Depths:1)
  14 water moccasins
  24 swamp drakes
  15 porcupines
  35 orc warriors
  6 sky beasts
  4 slaves (D:6)
  2 black bears (shapeshifter)
  3 eyes of draining
  A black bear (D:7)
  5 phantoms
  3 ice beasts
  7 boggarts
  38 ogres
  27 wolves
  19 centaurs
  15 crocodiles
  Blork the orc (D:6)
  18 bullfrogs
  2 earth elementals
  A wyvern zombie (D:12)
  A wyvern skeleton (D:13)
  2 elf simulacra
  16 killer bees
  4 scorpions
  16 wights
  12 electric eels
  4 centaur zombies
  9 crimson imps
  3 bullfrog zombies
  A quasit (D:7)
  Crazy Yiuf (D:2)
  6 bullfrog skeletons
  A jelly (shapeshifter) (Depths:1)
  A gnoll shaman (Orc:2)
  7 hounds
  6 jellies
  16 orc priests
  8 centaur skeletons
  Jessica (D:3)
  Natasha (thrice) (D:2)
  8 iguanas
  40 orc wizards
  13 worker ants
  Robin (D:4)
  5 gnolls (Orc:2)
  11 adders
  3 howler monkey skeletons
  11 shadow imps
  A white imp (D:4)
  2 oozes
  A dart slug (D:2)
  6 leopard geckos
  87 orcs
  4 bats
  8 giant cockroaches
  17 goblins
  2 hobgoblins
  18 jackals
  8 quokkas
  5 ball pythons
  4 frilled lizards
  15 kobolds
  A quokka skeleton (D:4)
  9 rats
  2 bushes (D:14)
  3 fungi
  10 plants (Lair:6)
2091 creatures vanquished.

Vanquished Creatures (collateral kills)
  3 dire elephants (Lair:6)
  An orc sorcerer (Orc:2)
  A hornet (Lair:5)
5 creatures vanquished.

Vanquished Creatures (others)
  A deep elf elementalist (Elf:3)
  A stone giant (Vaults:5)
  A centaur warrior (Vaults:1)
  3 deep elf knights (Elf:2)
  4 deep elf archers
  A cyclops (Vaults:2)
  7 yaktaurs
  A tyrant leech (Swamp:4)
  2 slime creatures
  A redback (Spider:1)
  A wraith (Vaults:1)
  3 yaks (IceCv)
  An acid dragon (Vaults:2)
  A wolf (IceCv)
  A hound (D:12)
  A bush (D:14)
  10 fungi (Lair:6)
  12 plants
  2 withered plants
54 creatures vanquished.

Grand Total: 2150 creatures vanquished

Notes
Turn   | Place    | Note
-------+----------+-------------------------------------------
     0 | D:1      | deusexinfernus the Hill Orc Berserker began the quest for
                  | the Orb.
     0 | D:1      | Reached XP level 1. HP: 19/19 MP: 1/1
   270 | D:1      | Reached XP level 2. HP: 26/27 MP: 2/2
   975 | D:2      | Reached XP level 3. HP: 33/33 MP: 3/3
  1036 | D:2      | Noticed Natasha
  1039 | D:2      | Killed Natasha
  1117 | D:2      | Found a runed translucent door.
  1120 | D:2      | Noticed Crazy Yiuf
  1127 | D:2      | Killed Crazy Yiuf
  1127 | D:2      | Reached skill level 5 in Axes
  1127 | D:2      | Reached XP level 4. HP: 40/40 MP: 4/4
  1421 | D:2      | Reached ** piety under Trog
  1860 | D:2      | Reached XP level 5. HP: 47/47 MP: 5/5
  2037 | D:2      | Noticed Natasha
  2050 | D:2      | Killed Natasha
  2430 | D:2      | Noticed Natasha
  2436 | D:2      | Killed Natasha
  2460 | D:3      | Noticed Jessica
  2684 | D:3      | Killed Jessica
  2757 | D:3      | Noticed Grinder
  2769 | D:3      | Killed Grinder
  2769 | D:3      | Reached skill level 5 in Fighting
  2769 | D:3      | Reached XP level 6. HP: 56/56 MP: 6/6
  3200 | D:3      | Found a transporter.
  3223 | D:3      | Found a transporter.
  3479 | D:4      | Noticed Robin
  3494 | D:4      | Killed Robin
  3698 | D:4      | Reached XP level 7. HP: 61/61 MP: 7/7
  3815 | D:4      | Reached *** piety under Trog
  4601 | D:4      | Found Ywuaselo's General Store.
  5057 | D:5      | Entered Level 5 of the Dungeon
  5057 | D:5      | Found a hide-covered altar of Uskayaw.
  5057 | D:5      | Noticed a +0 dagger
  5057 | D:5      | Noticed a +0 dagger
  5168 | D:5      | Reached skill level 5 in Armour
  5175 | D:5      | Reached XP level 8. HP: 69/70 MP: 8/8
  5378 | D:5      | Reached skill level 10 in Axes
  5420 | D:5      | Found a glowing drain.
  5459 | Sewer    | Entered a sewer
  5466 | Sewer    | Gained mutation: You passively map a small area around you.
                  | [potion of mutation]
  5466 | Sewer    | Gained mutation: Your magical capacity is low. (-10% MP)
                  | [potion of mutation]
  5466 | Sewer    | Gained mutation: You occasionally shout uncontrollably at
                  | your foes. [potion of mutation]
  5466 | Sewer    | Gained mutation: You have sharp toenails. [potion of
                  | mutation]
  5476 | Sewer    | Reached **** piety under Trog
  6412 | D:5      | Found a stormy altar of Qazlal.
  6420 | D:5      | Reached skill level 1 in Shields
  6530 | D:5      | Found a hazy altar of Hepliaklqana.
  6632 | D:4      | Bought a +2 war axe of electrocution for 248 gold pieces
  6695 | D:5      | Reached XP level 9. HP: 73/79 MP: 8/8
  6876 | D:6      | Noticed Edmund
  6891 | D:6      | Killed Edmund
  7049 | D:6      | Found a staircase to the Ecumenical Temple.
  7148 | D:6      | Noticed Pikel
  7156 | D:6      | Killed Pikel
  7321 | D:6      | Noticed Blork the orc
  7331 | D:6      | Killed Blork the orc
  7422 | D:6      | Found a sacrificial altar of Ru.
  7867 | D:7      | Reached XP level 10. HP: 90/90 MP: 9/9
  8817 | D:7      | Found Ziugomot's Antique Weapon Emporium.
  9526 | D:8      | Found an iron altar of Okawaru.
 10035 | D:8      | Reached skill level 5 in Shields
 10368 | D:8      | Reached ***** piety under Trog
 10575 | D:9      | Reached skill level 1 in Evocations
 10597 | D:9      | Got an encrusted buckler
 10598 | D:9      | Noticed a two-headed ogre
 10606 | D:9      | Killed a two-headed ogre
 10974 | D:9      | Reached XP level 11. HP: 99/99 MP: 11/11
 11059 | D:9      | Found Zin's Purification Station.
 11059 | D:9      | Found a glowing silver altar of Zin.
 11061 | D:9      | Identified the +3 buckler of the Spider Nest {rElec rN++
                  | Int+4} (You found it on level 9 of the Dungeon)
 11138 | D:9      | Found a white marble altar of Elyvilon.
 11322 | D:9      | Received a gift from Trog
 11435 | D:9      | Found a staircase to the Orcish Mines.
 11756 | D:10     | Entered Level 10 of the Dungeon
 11777 | D:10     | Reached skill level 10 in Fighting
 12088 | D:10     | Found a staircase to the Lair.
 12133 | D:10     | Noticed Fannar
 12153 | D:10     | Killed Fannar
 12363 | D:10     | Identified a scroll of acquirement
 12546 | D:10     | Noticed a two-headed ogre
 12552 | D:10     | Killed a two-headed ogre
 12552 | D:10     | Reached skill level 15 in Axes
 12586 | D:10     | Found a hide-covered altar of Uskayaw.
 12759 | D:4      | Bought a scroll of identify for 24 gold pieces
 12759 | D:4      | Bought a scroll of identify for 24 gold pieces
 12975 | Lair:1   | Entered Level 1 of the Lair of Beasts
 13505 | Lair:1   | Noticed Joseph
 13592 | Lair:1   | Killed Joseph
 13592 | Lair:1   | Reached XP level 12. HP: 108/108 MP: 14/14
 14039 | Lair:2   | Reached skill level 5 in Evocations
 14466 | Lair:2   | Received a gift from Trog
 14498 | Lair:2   | Reached skill level 10 in Armour
 14971 | Lair:3   | Found a hole to the Spider Nest.
 15063 | Lair:3   | Noticed a five-headed hydra
 15512 | Lair:3   | Noticed Sonja
 15518 | Lair:3   | Killed Sonja
 15781 | Lair:3   | Killed a five-headed hydra
 16317 | Lair:3   | You fall into a shaft and drop 3 floors!
 16317 | Lair:6   | Entered Level 6 of the Lair of Beasts
 16342 | Lair:4   | Noticed a four-headed hydra
 16357 | Lair:4   | Killed a four-headed hydra
 16368 | Lair:4   | Received a gift from Trog
 16948 | Lair:4   | Found a staircase to the Swamp.
 16948 | Lair:4   | Noticed an eight-headed hydra
 16959 | Lair:4   | Killed a ten-headed hydra
 16959 | Lair:4   | Reached XP level 13. HP: 50/117 MP: 15/15
 18977 | Lair:5   | Found a runed translucent door.
 18978 | Lair:5   | Identified the +6 trident of Res Nullius {flame, rElec
                  | Int+4 Stlth-}
 18982 | Lair:5   | Noticed teofil's ghost (journeyman MiBe)
 19036 | Lair:5   | Noticed Snorg
 19050 | Lair:5   | Killed Snorg
 20418 | Lair:6   | Received a gift from Trog
 20600 | Lair:6   | Found a staircase to the Slime Pits.
 20605 | Lair:6   | Found a viscous altar of Jiyva.
 21527 | Lair:6   | Reached XP level 14. HP: 129/129 MP: 15/15
 21859 | Lair:6   | Reached skill level 10 in Shields
 22084 | Lair:6   | Noticed a dire elephant
 22091 | Lair:6   | Killed a dire elephant
 22162 | Lair:6   | Noticed a dire elephant
 22162 | Lair:6   | Noticed a dire elephant
 22171 | Lair:6   | Killed a dire elephant
 22174 | Lair:6   | Killed a dire elephant
 22206 | Lair:6   | Got a crude hand axe
 22280 | Lair:6   | Noticed a dire elephant
 22287 | Lair:6   | Killed a dire elephant
 22472 | Orc:1    | Entered Level 1 of the Orcish Mines
 22472 | Orc:1    | Found Zuoth's Armour Shoppe.
 23061 | Orc:2    | Entered Level 2 of the Orcish Mines
 23149 | Orc:2    | Found a frozen archway.
 23204 | IceCv    | Entered an ice cave
 23847 | IceCv    | Reached ****** piety under Trog
 23996 | IceCv    | Noticed a frost giant
 24017 | IceCv    | Killed a frost giant
 24017 | IceCv    | Received a gift from Trog
 24238 | IceCv    | Got a shimmering hat
 24249 | IceCv    | Identified the +2 hat of the Armoured One {*Slow rElec
                  | Int+5} (You acquired it in an ice cave)
 24250 | IceCv    | Got a faintly glowing trident
 25290 | Orc:2    | Found a staircase to the Elven Halls.
 25358 | Orc:2    | Reached XP level 15. HP: 138/138 MP: 16/16
 25726 | Orc:2    | Found Fupn's General Store.
 25726 | Orc:2    | Found Baoleni's Assorted Antiques.
 25728 | Orc:2    | Found Futhar's Jewellery Shop.
 25728 | Orc:2    | Found Pios's Armour Emporium.
 25742 | Orc:2    | Bought the ring of Joy {rPois rN++ MR+ Int-5 Dex+4} for 624
                  | gold pieces
 26496 | Lair:5   | Killed teofil's ghost
 26754 | D:11     | Identified the cursed +1 hand axe "Beetleslayer" {vamp,
                  | rElec rC+ Int-3} (You found it on level 6 of the Lair of
                  | Beasts)
 26794 | D:11     | Noticed Josephine
 26801 | D:11     | Killed Josephine
 27047 | D:11     | Found a sacrificial altar of Ru.
 27070 | D:11     | Received a gift from Trog
 27081 | D:11     | Got a fine broad axe {god gift}
 27082 | D:11     | Identified the +1 broad axe "Uceuc" {chop, *Noise Int+5}
                  | (Trog gifted it to you on level 11 of the Dungeon)
 27271 | D:11     | Found an iron altar of Okawaru.
 27750 | D:12     | Found a stormy altar of Qazlal.
 28277 | D:12     | Found a runed translucent gate.
 28277 | D:12     | Found a runed translucent gate.
 28277 | D:12     | Noticed Peloso's ghost (journeyman MiFi)
 28277 | D:12     | Noticed Oqaecose's ghost (journeyman DDAr)
 28278 | D:12     | Found a runed translucent gate.
 28278 | D:12     | Noticed D1HalberdGnoll's ghost (journeyman DrIE)
 28278 | D:12     | Noticed Rick's ghost (journeyman MiBe)
 28553 | D:13     | Received a gift from Trog
 28694 | D:13     | Reached skill level 15 in Fighting
 28914 | D:13     | Noticed Azrael
 28935 | D:13     | Killed Azrael
 30083 | D:14     | Got a warped chain mail
 30115 | D:14     | Identified the cursed +0 chain mail "Coh Nett" {rF+ Dex+2
                  | Slay+5} (You found it on level 14 of the Dungeon)
 30283 | D:14     | Found a gate to the Vaults.
 30317 | D:14     | Noticed Rupert
 30329 | D:14     | Killed Rupert
 30329 | D:14     | Received a gift from Trog
 30329 | D:14     | Reached XP level 16. HP: 149/149 MP: 17/17
 30582 | D:15     | Entered Level 15 of the Dungeon
 31630 | D:15     | Found a staircase to the Depths.
 31852 | D:15     | Upgraded the game from 0.24-a0-388-gb57f36d6e0 to
                  | 0.24-a0-408-gcc1054c7ca
 32065 | Swamp:1  | Entered Level 1 of the Swamp
 32318 | Swamp:1  | Noticed Aizul
 32322 | Swamp:1  | Reached skill level 5 in Dodging
 32339 | Swamp:1  | Killed Aizul
 32403 | Swamp:1  | Noticed Nikola
 32636 | Swamp:1  | Received a gift from Trog
 32727 | Swamp:1  | Killed Nikola
 33238 | Swamp:2  | Reached skill level 15 in Armour
 33301 | Swamp:2  | Got a pitted leather armour
 33302 | Swamp:2  | Identified the cursed +0 leather armour of Patterns {rC-
                  | Regen+ MP+9} (You found it on level 2 of the Swamp)
 33368 | Swamp:2  | Identified Roxanne's Tome of Changing
 33368 | Swamp:2  | Noticed Roxanne
 33786 | Swamp:2  | Killed Roxanne
 33846 | Swamp:3  | Received a gift from Trog
 34207 | Swamp:3  | Identified the cursed +1 shortbow "Pumuy" {venom, MR+ MP+9
                  | Str+2 Int+4}
 34245 | Swamp:2  | Reached XP level 17. HP: 103/160 MP: 18/18
 35044 | Swamp:4  | Entered Level 4 of the Swamp
 35793 | Swamp:3  | Received a gift from Trog
 36419 | Swamp:4  | Got a decaying rune of Zot
 36444 | Swamp:4  | Reached skill level 15 in Shields
 37111 | Spider:1 | Entered Level 1 of the Spider Nest
 37111 | Spider:1 | Noticed Asterion
 37125 | Spider:1 | Killed Asterion
 37377 | Spider:1 | Received a gift from Trog
 37489 | Spider:1 | Reached XP level 18. HP: 132/172 MP: 19/19
 37642 | Spider:1 | Noticed Louise
 37660 | Spider:1 | Killed Louise
 39205 | Spider:2 | Got an ichor-stained flail
 39206 | Spider:2 | Identified the +11 flail "Wourip" {elec, *Contam +Rage +Fly
                  | rF+} (You found it on level 2 of the Spider Nest)
 39344 | Spider:2 | Noticed Agnes
 39353 | Spider:2 | Killed Agnes
 40143 | Spider:3 | Received a gift from Trog
 40377 | Spider:4 | Entered Level 4 of the Spider Nest
 41876 | Spider:4 | Got a gossamer rune of Zot
 42128 | Spider:4 | Reached XP level 19. HP: 179/185 MP: 20/20
 42574 | Slime:1  | Entered Level 1 of the Pits of Slime
 42835 | Lair:6   | Received a gift from Trog
 42846 | Lair:6   | Got an ancient broad axe {god gift}
 42847 | Lair:6   | Identified the +1 broad axe "Xoajo Vong" {vamp, rC+ Int+5}
                  | (Trog gifted it to you on level 6 of the Lair of Beasts)
 42902 | Slime:2  | Gained mutation: You tend to lose your temper in combat. [a
                  | shining eye]
 42907 | Slime:2  | Gained mutation: You sometimes yell uncontrollably at your
                  | foes. [a shining eye]
 43142 | Slime:5  | Entered Level 5 of the Pits of Slime
 43214 | Slime:4  | Received a gift from Trog
 43309 | Slime:5  | Noticed the Royal Jelly
 43329 | Slime:5  | Killed the Royal Jelly
 43547 | Slime:5  | Found the +7 great mace "Firestarter" {inner flame, rF++}
 43556 | Slime:5  | Identified Jela's Papyrus of Earthen Ice
 43559 | Slime:5  | Got a fine chain mail
 43582 | Slime:5  | Got a translucent cloak
 43583 | Slime:5  | Identified the +1 cloak of Nooch {rCorr} (You found it on
                  | level 5 of the Pits of Slime)
 43590 | Slime:5  | Reached XP level 20. HP: 196/196 MP: 21/21
 43612 | Slime:5  | Got an ancient scale mail
 43613 | Slime:5  | Identified the +4 scale mail of a Thousand Spirits {rC++
                  | rCorr Int-2} (You found it on level 5 of the Pits of Slime)
 43631 | Slime:5  | Identified the +4 chain mail of Recklessness {*Drain rC+
                  | MR+ Dex+4} (You found it on level 5 of the Pits of Slime)
 43658 | Slime:5  | Got a slimy rune of Zot
 43700 | Slime:5  | Identified the Papyrus of Intoxication
 43740 | Slime:5  | Got a scintillating pewter ring
 43887 | Slime:5  | Identified the ring "Opto" {rF+ rC+ rN+ Int+7} (You found
                  | it on level 5 of the Pits of Slime)
 44095 | Slime:5  | Gained mutation: Your magical capacity is very low. (-20%
                  | MP) [a shining eye]
 44520 | Elf:1    | Entered Level 1 of the Elven Halls
 44650 | Elf:1    | Noticed Frances
 44676 | Elf:1    | Killed Frances
 44857 | Elf:1    | Found Viba Ymo's Weapon Shop.
 45214 | Elf:1    | Noticed Kirke
 45232 | Elf:1    | Killed Kirke
 45333 | Elf:2    | Found a magical portal.
 45338 | WizLab   | Entered Wucad Mu's Monastery
 45474 | WizLab   | Found the +9 staff of Wucad Mu {channel}
 45924 | WizLab   | Reached XP level 21. HP: 147/207 MP: 13/19
 46217 | Elf:2    | Received a gift from Trog
 46259 | Elf:2    | Found Vyps's Jewellery Boutique.
 46260 | Elf:2    | Found Timiqegruett's Book Boutique.
 46260 | Elf:2    | Found Ucioph's Antique Armour Shop.
 46264 | Elf:2    | Found Gul Tan's Magic Scroll Shop.
 46346 | Elf:2    | Received a gift from Trog
 46410 | Elf:2    | Identified the +3 war axe "Hyimm" {drain, rN+ Int+5 Dex-2}
                  | (Trog gifted it to you on level 2 of the Elven Halls)
 46433 | Elf:2    | Bought a glowing helmet for 247 gold pieces
 46433 | Elf:2    | Bought a brightly glowing scale mail for 297 gold pieces
 46433 | Elf:2    | Bought an embroidered cloak for 247 gold pieces
 46438 | Elf:2    | Bought a scroll of identify for 30 gold pieces
 46539 | Elf:2    | Identified the +4 scale mail of Infinity {Str+7} (You
                  | bought it in a shop on level 2 of the Elven Halls)
 46992 | Elf:2    | Found a runed translucent gate.
 46992 | Elf:2    | Found a runed translucent gate.
 46993 | Elf:2    | Found a runed translucent gate.
 48012 | Elf:3    | Entered Level 3 of the Elven Halls
 48130 | Elf:3    | Reached skill level 1 in Maces & Flails
 48197 | Elf:3    | Identified a ring of the Octopus King {MP+9 AC+1 EV+1 Str+1
                  | Int+1 Dex+1}
 48620 | Elf:3    | Identified the cursed +0 leather armour "Hero's Friend"
                  | {Str+3}
 48633 | Elf:3    | Received a gift from Trog
 48635 | Elf:3    | Identified the ring "Mireyh" {*Tele rPois MR+ Slay+2}
 48857 | Elf:3    | Reached XP level 22. HP: 220/220 MP: 20/20
 49059 | Elf:3    | Reached skill level 5 in Maces & Flails
 49184 | Elf:3    | Got a scorched cloak
 49197 | Elf:3    | Gained mutation: You often lose your temper in combat. [a
                  | cacodemon]
 49356 | Elf:3    | Received a gift from Trog
 49761 | Elf:3    | Identified the Compendium of the Hurtful Escort
 49763 | Elf:3    | Identified the Handbook of the Shifting Arsonist
 49990 | Elf:3    | Identified Sif Muna's Compendium of Enchanting Aid
 50024 | Elf:3    | Identified the +6 scimitar "Igguvi Qekh" {freeze, +Inv rC+
                  | Stlth+}
 50024 | Elf:3    | Identified the amulet "Qaem" {Faith rPois rN++ MR+ Int-2}
 50608 | Elf:3    | Identified the +0 cloak of Duty {rN+ Int-3 Dex+9} (You
                  | found it on level 3 of the Elven Halls)
 51063 | Slime:5  | Gained mutation: You are dopey. (Int -2) [a shining eye]
 51182 | Slime:5  | Received a gift from Trog
 51242 | Slime:5  | Got a translucent hand axe {god gift}
 51324 | Lair:6   | Identified the +7 hand axe of Tiof {chop, rElec rPois rC+}
                  | (Trog gifted it to you on level 5 of the Pits of Slime)
 51635 | Vaults:1 | Entered Level 1 of the Vaults
 51806 | Vaults:1 | You fall into a shaft and drop 1 floor!
 51806 | Vaults:2 | Found Qibbur's Distillery.
 51857 | Vaults:1 | Received a gift from Trog
 52241 | Vaults:1 | Received a gift from Trog
 52900 | D:12     | Lost mutation: Your magical capacity is very low. (-20% MP)
                  | [potion of mutation]
 52900 | D:12     | Lost mutation: Your magical capacity is low. (-10% MP)
                  | [potion of mutation]
 52900 | D:12     | Gained mutation: You have an increased reservoir of magic.
                  | (+10% MP) [potion of mutation]
 52900 | D:12     | Lost mutation: You often lose your temper in combat.
                  | [potion of mutation]
 52901 | D:12     | Lost mutation: You sometimes yell uncontrollably at your
                  | foes. [potion of mutation]
 52901 | D:12     | Lost mutation: You are dopey. (Int -2) [potion of mutation]
 52901 | D:12     | Lost mutation: You occasionally shout uncontrollably at
                  | your foes. [potion of mutation]
 52901 | D:12     | Gained mutation: Your muscles are strong. (Str +2) [potion
                  | of mutation]
 52901 | D:12     | Lost mutation: You have an increased reservoir of magic.
                  | (+10% MP) [potion of mutation]
 52901 | D:12     | Gained mutation: You are resistant to hostile enchantments.
                  | (MR+) [potion of mutation]
 52902 | D:12     | Lost mutation: You tend to lose your temper in combat.
                  | [potion of mutation]
 52902 | D:12     | Lost mutation: Your muscles are strong. (Str +2) [potion of
                  | mutation]
 52902 | D:12     | Lost mutation: You passively map a small area around you.
                  | [potion of mutation]
 52902 | D:12     | Gained mutation: You have razor-sharp toenails. [potion of
                  | mutation]
 52902 | D:12     | Gained mutation: You are partially covered in yellow
                  | scales. (AC +2) [potion of mutation]
 52902 | D:12     | Gained mutation: You have a pair of small antennae on your
                  | head. [potion of mutation]
 54444 | Vaults:2 | Received a gift from Trog
 54453 | Vaults:2 | Reached XP level 23. HP: 214/232 MP: 26/26
 54852 | Vaults:2 | Got a smoking robe
 54926 | Vaults:2 | Received a gift from Trog
 55194 | Vaults:2 | Found a blossoming altar of Fedhas.
 55714 | Vaults:2 | Received a gift from Trog
 56448 | Vaults:3 | Received a gift from Trog
 56824 | Vaults:3 | Found a staircase to the Crypt.
 56824 | Vaults:3 | Found a basalt altar of Yredelemnul.
 56825 | Vaults:3 | Found an ancient bone altar of Kikubaaqudgha.
 57464 | Vaults:3 | Received a gift from Trog
 57736 | Vaults:3 | Paralysed by a hornet for 1 turns
 58610 | Vaults:4 | Received a gift from Trog
 58721 | Vaults:4 | Reached XP level 24. HP: 245/245 MP: 26/26
 59469 | Vaults:4 | Received a gift from Trog
 59778 | Vaults:5 | Entered Level 5 of the Vaults
 59913 | Vaults:5 | Received a gift from Trog
 59915 | Vaults:5 | Reached skill level 27 in Armour
 60232 | Vaults:5 | Reached skill level 27 in Fighting
 60445 | Vaults:5 | Noticed Jory
 60458 | Vaults:5 | Received a gift from Trog
 60466 | Vaults:5 | Killed Jory
 60691 | Vaults:5 | Reached XP level 25. HP: 255/255 MP: 26/26
 60942 | Vaults:5 | Found Xosum's Distillery.
 60950 | Vaults:5 | Found Naq Joumm's Magic Scroll Shoppe.
 61037 | Vaults:5 | Found Comen's Magic Scroll Boutique.
 61045 | Vaults:5 | Found Foisuh's Magic Scroll Shoppe.
 61054 | Vaults:5 | Found Zeun's Food Shop.
 61069 | Vaults:5 | Found Kousiaf's Magic Scroll Emporium.
 61339 | Vaults:5 | Received a gift from Trog
 62102 | Vaults:5 | Found Opsyajah's Distillery.
 62102 | Vaults:5 | Found Vutinnea's Magic Scroll Boutique.
 62259 | Vaults:5 | Got a silver rune of Zot
 62805 | Depths:1 | Entered Level 1 of the Depths
 63084 | Vaults:5 | Bought a scroll of brand weapon for 380 gold pieces
 63395 | Depths:1 | Found a gateway to Hell.
 63569 | Depths:1 | Received a gift from Trog
 63719 | Depths:1 | Found a runed translucent gate.
 63719 | Depths:1 | Found a runed translucent gate.
 63720 | Depths:1 | Found a runed translucent gate.
 63720 | Depths:1 | Found a one-way gate leading to the halls of Pandemonium.
 63722 | Depths:1 | Noticed Zarkath's ghost (adept CeAM)
 64042 | Orc:1    | Bought +0 gold dragon scales for 1120 gold pieces
 65248 | Depths:1 | HP: 2/385 [Zarkath's ghost (19)]
 65248 | Depths:1 | Slain by Zarkath's ghost

Levels and vault maps discovered:
D:1:      dpeg_arrival_rhombi, layout_loops_ring, minmay_misc_feat_room
D:2:      minmay_chambers_of_twos, layout_loops_corners,
          uniq_crazy_yiuf_cottage, uniq_natasha
D:3:      gammafunk_steamed_eel, layout_basic, serial_bayou_pond_d,
          kennysheep_generic_room_3, uniq_grinder, uniq_jessica
D:4:      layout_basic, nicolae_overflow_hidden_temple, serial_shops, shop,
          minmay_fire_ice_demons, uniq_robin
D:5:      layout_rooms, grunt_temple_overflow_open, dancing_weapons_uskayaw,
          portal_sewer_entry_f, first_ration
D:6:      layout_basic, lemuel_crystal_altar, temple_green, minmay_manual_moon,
          uniq_pikel, uniq_edmund, uniq_blork_the_orc
D:7:      kennysheep_big_flooded_room, layout_loops_corners, serial_shops,
          nicolae_shop_crystal
D:8:      layout_cave_pods, okawaru_metal_pillars_1_2
D:9:      layout_irregular_city, lemuel_doored_altar, zin_purify, david_orc_4
D:10:     layout_roguey, minmay_lair_entry_grove, basic_altar, uniq_fannar
D:11:     layout_roguey, basic_altar, grunt_pizzeria, nicolae_ru_path_of_blood,
          uniq_josephine
D:12:     layout_basic, gammafunk_ghost_cemetery,
          nicolae_qazlal_general_emergency
D:13:     layout_grid_maze, uniq_azrael
D:14:     layout_basic, david_vaults_4, minmay_hedge_maze, uniq_rupert
D:15:     gammafunk_enter_depths_forms, layout_irregular_city, abandoned_shop,
          grunt_ministairs_14, argonaut_gorgonesque
Lair:1:   layout_loops_ring, uniq_joseph
Lair:2:   layout_regular_city, serial_bayou_lagoon_b
Lair:3:   layout_roguey, dummy_spider_entry, serial_bayou_shore_a,
          grunt_megastairs_1, serial_bayou_shore_b, uniq_sonja
Lair:4:   layout_cave_pods, minmay_swamp_entry_reptiles, grunt_megastairs_5
Lair:5:   layout_regular_city, ebering_ghost_funeral_grove, uniq_snorg
Lair:6:   due_jungle_book, layout_regular_city, slime_altar_1,
          minmay_lair_drake_nest, minmay_lair_oklob_chamber, grunt_megastairs_3
Swamp:1:  layout_falls_marsh, evilmike_swamp_ruin_house_5, swamp_pool1,
          uniq_nikola, uniq_aizul
Swamp:2:  layout_falls_marsh, evilmike_swamp_ruin_house_1, uniq_roxanne
Swamp:3:  layout_falls_marsh, hangedman_swamp_diagram
Swamp:4:  swamp, layout_basic_swamp, swamp_pool5, nicolae_swamp_trees_clearing
Spider:1: layout_spider_delve, drop_trap, uniq_louise, uniq_asterion
Spider:2: layout_spider_delve, drop_trap, uniq_agnes
Spider:3: layout_spider_delve
Spider:4: guppyfry_spider_rune
Slime:1:  layout_caves
Slime:2:  layout_caves
Slime:3:  layout_caves
Slime:4:  layout_caves, nicolae_slime_phagocytosis
Slime:5
Orc:1:    layout_caves, serial_shops, shop
Orc:2:    grunt_orc_tribal_feast, layout_diamond_mine,
          portal_ice_cave_entry_animals_and_master
Elf:1:    layout_onion_city, serial_sigils, serial_sigils_hangedman_gut,
          serial_sigils_hangedman_scratch, serial_sigils_hangedman_leer,
          serial_sigils_hangedman_stare, serial_shops, nicolae_shop_stone,
          uniq_frances, uniq_kirke
Elf:2:    layout_gridlike, mu_enter_wizlab_1, minmay_shoptagon
Elf:3:    grunt_elf_hall_spiral, layout_rooms
Vaults:1: ontoclasm_vaults_hangar, ontoclasm_vaults_hangar,
          nicolae_vaults_little_squares_6, grunt_vaults_hallway_short,
          vaults_mumra_bighexcomb, ontoclasm_vaults_spin,
          ontoclasm_vaults_misaligned, v_pattern_3,
          hangedman_vaults_stretched_pinwheel, ontoclasm_vaults_eye,
          hangedman_vaults_locks, vaults_room_grunt_arrival_checkpoint,
          vaults_room_fancy_cross, nicolae_vaults_rhombus_5, v_misc_32,
          layout_vaults_ring
Vaults:2: nicolae_vaults_specimen_jars, vaults_room_fours,
          grunt_vaults_hallway_long, nicolae_vaults_network_s,
          nicolae_vaults_network_star, nicolae_vaults_theta,
          vaults_mumra_chevron_long, grunt_vaults_twisty, st_smaller_cells,
          v_pattern_4, nicolae_vaults_theta, nicolae_vaults_ring_of_whatevers,
          v_misc_31, vaults_dpeg_cross, v_misc_23, v_misc_17,
          layout_vaults_maze, serial_shops, nicolae_shop_trees, basic_altar
Vaults:3: vaults_room_door_ring, vaults_room_corners,
          minmay_crypt_entry_necro_gods, vaults_mumra_hex,
          ontoclasm_vaults_fault, ontoclasm_vaults_hangar, v_pattern_5,
          v_misc_26, vaults_dpeg_hooks, v_misc_29, vaults_room_corners,
          nicolae_vaults_little_squares_1, layout_vaults_omnigrid
Vaults:4: vaults_room_fours, v_misc_5, grunt_vaults_funnel,
          hangedman_vaults_stream, vaults_room_grid, hangedman_vaults_capsules,
          grunt_vaults_hallway_long, nicolae_vaults_angled_halls,
          layout_vaults_omnibox
Vaults:5: serial_shops, uniq_jory
Depths:1: layout_gridville, gammafunk_ghost_tricky_traps, pan_entry, hell_entry,
          corexii_leaking_fountain, minmay_misc_feat_chi, minmay_microvault

Skill      XL: |  1  2  3  4  5  6  7  8  9 10 11 12 13 14 15 16 17 18 19 20 21 22 23 24 25 |
---------------+----------------------------------------------------------------------------+-----
Fighting       | 4 5 6 7 8 9 10 11 13 14 15 16 18 20 21 22 23 24 25 27 | 27.0
Dodging        | 2 3 5 |  5.0
Axes           | 5 7 9 10 12 13 15 16 18 20 21 24 | 24.2
Armour         | 3 4 5 6 7 8 9 10 11 12 14 15 16 18 20 22 24 26 27 | 27.0
Shields        | 1 4 5 6 8 9 11 12 14 15 | 15.0
Evocations     | 2 4 5 |  5.0
Maces & Flails | 4 6 |  6.7

Action                   |  1- 3 |  4- 6 |  7- 9 | 10-12 | 13-15 | 16-18 | 19-21 | 22-24 | 25-27 || total
-------------------------+-------+-------+-------+-------+-------+-------+-------+-------+-------++-------
Melee: Hand axe          |    64 |   146 |   252 |       |       |       |       |       |       ||   462
       Kick              |       |       |     6 |       |       |       |       |       |       ||     6
       War axe           |       |       |    78 |   512 |   827 |       |       |       |       ||  1417
       Unarmed           |       |       |       |     1 |       |       |       |       |       ||     1
       Flail             |       |       |       |    17 |    78 |   210 |       |       |       ||   305
       Broad axe         |       |       |       |       |   357 |  1099 |  1000 |  1976 |   471 ||  4903
Throw: Dart              |       |     4 |       |       |       |       |       |       |       ||     4
Invok: Berserk           |     2 |    10 |    13 |    13 |    26 |    22 |    16 |    15 |     3 ||   120
       Trog's Hand       |       |       |       |     3 |     8 |     4 |     1 |       |       ||    16
       Brothers in Arms  |       |       |       |       |     6 |       |       |     2 |       ||     8
Evoke: Wand              |       |       |       |       |     1 |       |       |       |       ||     1
  Use: Scroll            |       |     2 |    14 |    15 |     9 |     9 |    16 |     2 |     2 ||    69
       Potion            |       |       |     3 |     1 |     2 |    12 |     7 |     8 |     3 ||    36
 Stab: Invisible         |       |       |       |       |       |     3 |       |       |       ||     3
       Distracted        |       |       |       |       |       |       |     2 |     2 |       ||     4
  Eat: Chunk             |     1 |    11 |    16 |    31 |    59 |    33 |    10 |    45 |    10 ||   216
       Ration            |       |     2 |     3 |     3 |     4 |     8 |     8 |     3 |     2 ||    33
Armor: Ring mail         |    20 |    31 |       |    60 |     9 |       |       |       |       ||   120
       Scale mail        |       |     5 |   104 |    40 |    82 |       |       |       |       ||   231
       Plate armour      |       |       |     1 |   142 |   328 |   501 |       |   489 |   121 ||  1582
       Chain mail        |       |       |       |       |       |   333 |   383 |    90 |       ||   806
       Acid dragon scale |       |       |       |       |       |       |   115 |       |       ||   115
       Gold dragon scale |       |       |       |       |       |       |       |       |    54 ||    54
       Skin              |       |       |       |       |       |       |       |       |    16 ||    16
Dodge: Dodged            |    32 |    78 |   133 |   143 |   268 |   595 |   448 |   453 |   100 ||  2250
Block: Shield            |       |       |    37 |   217 |   668 |   603 |   554 |   963 |   336 ||  3378
       Buckler           |       |       |       |    36 |     5 |   320 |   134 |    83 |       ||   578
       Reflection        |       |       |       |       |       |    10 |    36 |    72 |    20 ||   138

Table legend:
 A = Non-vault XP
 B = Vault XP
 C = Vault XP percentage of total XP
 D = Non-vault monster count
 E = Vault monster count
 F = Vault count percentage of total count
                 A         B        C        D         E       F
            +---------+---------+-------+---------+---------+-------
      Total |  557205 |  410720 |  42.4 |    1464 |     617 |  29.6
            +---------+---------+-------+---------+---------+-------
        D:1 |      30 |       0 |   0.0 |      15 |       0 |   0.0
        D:2 |     117 |     105 |  47.3 |      15 |      10 |  40.0
        D:3 |      17 |     404 |  96.0 |       9 |       5 |  35.7
        D:4 |     391 |      93 |  19.2 |      17 |      13 |  43.3
        D:5 |    1239 |      16 |   1.3 |      25 |       6 |  19.4
        D:6 |     842 |    1209 |  58.9 |      14 |       6 |  30.0
        D:7 |    1189 |     156 |  11.6 |      27 |       2 |   6.9
        D:8 |    1601 |       0 |   0.0 |      23 |       0 |   0.0
        D:9 |    2858 |    1134 |  28.4 |      33 |      19 |  36.5
       D:10 |    2821 |    2507 |  47.1 |      22 |      11 |  33.3
       D:11 |    6953 |    1830 |  20.8 |      54 |       5 |   8.5
       D:12 |    5304 |       0 |   0.0 |      23 |       0 |   0.0
       D:13 |    9325 |    2285 |  19.7 |      37 |       8 |  17.8
       D:14 |    5541 |    5641 |  50.4 |      33 |       6 |  15.4
       D:15 |    8797 |    7525 |  46.1 |      25 |      19 |  43.2
     Lair:1 |    2335 |     407 |  14.8 |      12 |       1 |   7.7
     Lair:2 |    2315 |       0 |   0.0 |      18 |       0 |   0.0
     Lair:3 |    4376 |    1289 |  22.8 |      19 |       5 |  20.8
     Lair:4 |    4514 |    3535 |  43.9 |      16 |      16 |  50.0
     Lair:5 |    4037 |    3645 |  47.4 |      21 |       9 |  30.0
     Lair:6 |   18437 |    7613 |  29.2 |      48 |      18 |  27.3
    Swamp:1 |    7514 |    4684 |  38.4 |      28 |       2 |   6.7
    Swamp:2 |   11779 |    1823 |  13.4 |      34 |       1 |   2.9
    Swamp:3 |   19213 |    1934 |   9.1 |      65 |       2 |   3.0
    Swamp:4 |   12184 |   18235 |  59.9 |      30 |      31 |  50.8
   Spider:1 |   23376 |    4298 |  15.5 |      70 |       2 |   2.8
   Spider:2 |   12814 |    2120 |  14.2 |      25 |       1 |   3.8
   Spider:3 |   15719 |       0 |   0.0 |      43 |       0 |   0.0
   Spider:4 |   13111 |   21977 |  62.6 |      35 |      38 |  52.1
    Slime:1 |    6015 |       0 |   0.0 |       7 |       0 |   0.0
    Slime:2 |   12507 |       0 |   0.0 |      20 |       0 |   0.0
    Slime:3 |    5719 |       0 |   0.0 |       9 |       0 |   0.0
    Slime:4 |   11429 |    3795 |  24.9 |      19 |       6 |  24.0
    Slime:5 |   26916 |   24065 |  47.2 |      49 |       7 |  12.5
      Orc:1 |    3704 |       0 |   0.0 |      35 |       0 |   0.0
      Orc:2 |    1827 |   10244 |  84.9 |      27 |      38 |  58.5
      Elf:1 |    6320 |    4897 |  43.7 |      11 |       6 |  35.3
      Elf:2 |   29994 |   23008 |  43.4 |      49 |      29 |  37.2
      Elf:3 |   27241 |   47718 |  63.7 |      44 |      35 |  44.3
   Vaults:1 |   33772 |   21116 |  38.5 |      56 |      29 |  34.1
   Vaults:2 |   48833 |   23679 |  32.7 |      91 |      27 |  22.9
   Vaults:3 |   32271 |   12626 |  28.1 |      51 |      23 |  31.1
   Vaults:4 |   32404 |   21708 |  40.1 |      49 |      25 |  33.8
   Vaults:5 |   38415 |  106571 |  73.5 |      62 |      82 |  56.9
   Depths:1 |   41089 |    3930 |   8.7 |      49 |       6 |  10.9
      Sewer |       0 |      88 | 100.0 |       0 |      21 | 100.0
      IceCv |       0 |   11661 | 100.0 |       0 |      46 | 100.0
     WizLab |       0 |    1149 | 100.0 |       0 |       1 | 100.0
            +---------+---------+-------+---------+---------+-------
